HSSL
BISHOP VEROT HS @ TEMISKAMING DISTRICT SECONDARY SCHOOL SAINTS
05/11/2027
 
TOP OF THE 1ST
Bishop Verot HS batting - Pitching for Temiskaming District Secondary School Saints : LHP Phil Bacon
Pitching: LHP Phil Bacon
Batting: LHB Jim Hall 0-0: Ball
1-0: Ball
2-0: Foul Ball, location: 2F
2-1: SINGLE (Line Drive, 9S)
Batting: LHB Pedro Padilla 0-0: Fly out, F7 (Flyball, 7S)
Batting: RHB Bob Fitzgerald 0-0: Called Strike
0-1: Ball
1-1: Ball
2-1: Ball
3-1: Base on Balls
Jim Hall to second
Batting: LHB Mike MacNamara 0-0: Called Strike
0-1: Ball
1-1: Ball
2-1: Ball
3-1: Fielders Choice at 2nd, 3-6 (Groundball, 34)
Jim Hall to third
Batting: RHB James Venables 0-0: Ball
1-0: Ball
2-0: Ball
3-0: Called Strike
3-1: Called Strike
3-2: Foul Ball, location: 2F
3-2: Foul Ball, location: 2F
3-2: Foul Ball, location: 2F
3-2: DOUBLE (Line Drive, 7LM)
Jim Hall scores
Mike MacNamara to third
Mike MacNamara scores
Batting: RHB Carson Allen 0-0: Ball
1-0: Called Strike
1-1: Ball
2-1: Foul Ball, location: 2F
2-2: Ground out 6-3 (Groundball, 6)
Top of the 1st over - 2 run(s), 2 hit(s), 0 error(s), 1 left on base; Bishop Verot HS 2 - Temiskaming District Secondary School 0
BOTTOM OF THE 1ST
Temiskaming District Secondary School Saints batting - Pitching for Bishop Verot HS : RHP Tom Garner
Pitching: RHP Tom Garner
Batting: RHB John Weber 0-0: SINGLE (Groundball, 15) (infield hit)
Batting: RHB Louis-Joseph Perrier 0-0: Ball
1-0: Swinging Strike
1-1: Swinging Strike
1-2: Strikes out swinging
Batting: LHB Leonardo Torres 0-0: Called Strike
0-1: Foul Ball, location: 2F
0-2: Ball
1-2: Ball
2-2: Ball
3-2: Base on Balls
John Weber to second
Batting: RHB Walt Miller 0-0: Called Strike
0-1: Ball
1-1: Ball
2-1: Swinging Strike
2-2: Ball
3-2: SINGLE (Line Drive, 78S)
John Weber to third
Leonardo Torres to second
John Weber scores
Leonardo Torres to third
Batting: SHB Eric Silva 0-0: Ball
1-0: Foul Ball, location: 2F
1-1: Fly out, F8 (Flyball, 8LM)
Runner from 3rd tags up, SCORES, throw made
Batting: LHB Carlos Músquez 0-0: Ball
1-0: Foul Ball, location: 2F
1-1: Foul Ball, location: 2F
1-2: SINGLE (Line Drive, 8RS)
Walt Miller to second
Batting: RHB Tony Parker 0-0: SINGLE (Groundball, 15S) (infield hit)
Walt Miller to third
Carlos Músquez to second
Batting: LHB Kevin McGee 0-0: Foul Ball, location: 2F
0-1: Fly out, F2 (Popup, 3S)
Bottom of the 1st over - 2 run(s), 4 hit(s), 0 error(s), 3 left on base; Bishop Verot HS 2 - Temiskaming District Secondary School 2
TOP OF THE 2ND
Bishop Verot HS batting - Pitching for Temiskaming District Secondary School Saints : LHP Phil Bacon
Batting: RHB Brian Bailey 0-0: Ball
1-0: Ball
2-0: Foul Ball, location: 2F
2-1: Ground out 5-3 (Groundball, 56)
Batting: RHB Chris Seals 0-0: Called Strike
0-1: Called Strike
0-2: Ball
1-2: Foul Ball, location: 2F
1-2: Foul Ball, location: 2F
1-2: Hit by Pitch
Batting: RHB George Lutz 0-0: SINGLE (Groundball, 4MD)
Chris Seals to second
Runner from 2nd tries for 3rd, SAFE, throw made to third
George Lutz to second
Batting: LHB Jim Hall 0-0: Fly out, F6 (Popup, 6D)
Batting: LHB Pedro Padilla 0-0: Called Strike
0-1: Foul Ball, location: 2F
0-2: Ground out 6-3 (Groundball, 6)
Top of the 2nd over - 0 run(s), 1 hit(s), 0 error(s), 2 left on base; Bishop Verot HS 2 - Temiskaming District Secondary School 2
BOTTOM OF THE 2ND
Temiskaming District Secondary School Saints batting - Pitching for Bishop Verot HS : RHP Tom Garner
Batting: RHB Beau McNeill 0-0: Swinging Strike
0-1: Ball
1-1: Ball
2-1: Called Strike
2-2: Ball
3-2: Foul Ball, location: 2F
3-2: Foul Ball, location: 2F
3-2: Hit by Pitch
Batting: RHB John Weber 0-0: Fly out, F5 (Popup, 56)
Batting: RHB Louis-Joseph Perrier 0-0: Swinging Strike
0-1: Foul Ball, location: 2F
0-2: Ball
1-2: Ball
2-2: Fly out, F4 (Line Drive, 4M)
Batting: LHB Leonardo Torres 0-0: Called Strike
0-1: Ball
1-1: Ball
2-1: Ball
3-1: Foul Ball, location: 2F
3-2: Foul Ball, location: 2F
3-2: DOUBLE (Line Drive, 78M)
Beau McNeill to third
Beau McNeill scores
Batting: RHB Walt Miller 0-0: Ball
1-0: Called Strike
1-1: Called Strike
1-2: Strikes out swinging
Bottom of the 2nd over - 1 run(s), 1 hit(s), 0 error(s), 1 left on base; Bishop Verot HS 2 - Temiskaming District Secondary School 3
TOP OF THE 3RD
Bishop Verot HS batting - Pitching for Temiskaming District Secondary School Saints : LHP Phil Bacon
Batting: RHB Bob Fitzgerald 0-0: Ball
1-0: Called Strike
1-1: Swinging Strike
1-2: Fly out, F9 (Flyball, 9)
Batting: LHB Mike MacNamara 0-0: Ball
1-0: Fly out, F8 (Flyball, 8LD)
Batting: RHB James Venables 0-0: Ball
1-0: Ball
2-0: Ball
3-0: Base on Balls
Batting: RHB Carson Allen 0-0: Ball
1-0: Called Strike
1-1: SINGLE (Line Drive, 89M)
James Venables to second
Batting: RHB Brian Bailey 0-0: Swinging Strike
0-1: Foul Ball, location: 2F
0-2: Ball
1-2: Strikes out swinging
Top of the 3rd over - 0 run(s), 1 hit(s), 0 error(s), 2 left on base; Bishop Verot HS 2 - Temiskaming District Secondary School 3
BOTTOM OF THE 3RD
Temiskaming District Secondary School Saints batting - Pitching for Bishop Verot HS : RHP Tom Garner
Batting: SHB Eric Silva 0-0: Ground out U3 (Groundball, 3)
Batting: LHB Carlos Músquez 0-0: Called Strike
0-1: Ball
1-1: Called Strike
1-2: Strikes out swinging
Batting: RHB Tony Parker 0-0: Ball
1-0: Foul Ball, location: 2F
1-1: Fly out, F4 (Popup, 4D)
Bottom of the 3rd over - 0 run(s), 0 hit(s), 0 error(s), 0 left on base; Bishop Verot HS 2 - Temiskaming District Secondary School 3
TOP OF THE 4TH
Bishop Verot HS batting - Pitching for Temiskaming District Secondary School Saints : LHP Phil Bacon
Batting: RHB Chris Seals 0-0: Ball
1-0: Ball
2-0: Ball
3-0: Base on Balls
Batting: RHB George Lutz 0-0: Swinging Strike
0-1: Ball
1-1: Called Strike
1-2: Strikes out swinging
Batting: LHB Jim Hall 0-0: Ball
1-0: Foul Ball, location: 2F
1-1: Ball
2-1: Foul Ball, location: 2F
2-2: Foul Ball, location: 2F
2-2: Strikes out swinging
Batting: LHB Pedro Padilla 0-0: Ball
1-0: Called Strike
1-1: Called Strike
1-2: Strikes out swinging
Top of the 4th over - 0 run(s), 0 hit(s), 0 error(s), 1 left on base; Bishop Verot HS 2 - Temiskaming District Secondary School 3
BOTTOM OF THE 4TH
Temiskaming District Secondary School Saints batting - Pitching for Bishop Verot HS : RHP Tom Garner
Batting: LHB Kevin McGee 0-0: Called Strike
0-1: Fly out, F3 (Popup, 3L)
Batting: RHB Beau McNeill 0-0: Ball
1-0: SINGLE (Groundball, 13S) (infield hit)
Batting: RHB John Weber 0-0: SINGLE (Groundball, 6S) (infield hit)
Beau McNeill to second
Batting: RHB Louis-Joseph Perrier 0-0: Ball
1-0: Ball
2-0: Ball
3-0: Foul Ball, location: 2F
3-1: Base on Balls
Beau McNeill to third
John Weber to second
Batting: LHB Leonardo Torres 0-0: Called Strike
0-1: Ball
1-1: Foul Ball, location: 2F
1-2: Ball
2-2: Foul Ball, location: 2F
2-2: Ball
3-2: GRAND SLAM HOME RUN (Flyball, 7D), Distance : 401 ft
Pitching: RHP Nick Taylor
Batting: RHB Walt Miller 0-0: Ball
1-0: Ground out 6-3 (Groundball, 6)
Batting: SHB Eric Silva 0-0: Ball
1-0: Foul Ball, location: 2F
1-1: Foul Ball, location: 2F
1-2: Ball
2-2: Strikes out swinging
Bottom of the 4th over - 4 run(s), 3 hit(s), 0 error(s), 0 left on base; Bishop Verot HS 2 - Temiskaming District Secondary School 7
TOP OF THE 5TH
Bishop Verot HS batting - Pitching for Temiskaming District Secondary School Saints : LHP Phil Bacon
Batting: RHB Bob Fitzgerald 0-0: SINGLE (Flyball, 9LS)
Pitching: LHP François Séguin
Batting: LHB Mike MacNamara 0-0: Fly out, F8 (Flyball, 8LM)
Batting: RHB James Venables 0-0: Ball
1-0: Called Strike
1-1: Ball
2-1: Ball
3-1: Base on Balls
Bob Fitzgerald to second
Batting: RHB Carson Allen 0-0: Called Strike
0-1: Foul Ball, location: 2F
0-2: Foul Ball, location: 2F
0-2: Foul Ball, location: 2F
0-2: Strikes out swinging
Batting: RHB Brian Bailey 0-0: Ball
1-0: Ball
2-0: Ball
3-0: Called Strike
3-1: Base on Balls
Bob Fitzgerald to third
James Venables to second
Batting: RHB Chris Seals 0-0: Ball
Wild Pitch!
Bob Fitzgerald scores
James Venables to third
Brian Bailey to second
1-0: Fly out, F8 (Flyball, 8LS)
Top of the 5th over - 1 run(s), 1 hit(s), 0 error(s), 2 left on base; Bishop Verot HS 3 - Temiskaming District Secondary School 7
BOTTOM OF THE 5TH
Temiskaming District Secondary School Saints batting - Pitching for Bishop Verot HS : RHP Nick Taylor
Batting: LHB Carlos Músquez 0-0: Swinging Strike
0-1: Ball
1-1: Ball
2-1: Swinging Strike
2-2: Foul Ball, location: 2F
2-2: Strikes out looking
Batting: RHB Tony Parker 0-0: Ball
1-0: Ground out U3 (Groundball, 3)
Batting: LHB Kevin McGee 0-0: Ball
1-0: Called Strike
1-1: Fly out, F8 (Flyball, 8LM)
Bottom of the 5th over - 0 run(s), 0 hit(s), 0 error(s), 0 left on base; Bishop Verot HS 3 - Temiskaming District Secondary School 7
TOP OF THE 6TH
Bishop Verot HS batting - Pitching for Temiskaming District Secondary School Saints : LHP François Séguin
Batting: RHB George Lutz 0-0: Fly out, F8 (Flyball, 8RM)
Batting: LHB Jim Hall 0-0: Swinging Strike
0-1: Ball
1-1: Ball
2-1: Foul Ball, location: 2F
2-2: Strikes out looking
Batting: LHB Pedro Padilla 0-0: Ball
1-0: Ball
2-0: Ball
3-0: Base on Balls
Batting: RHB Bob Fitzgerald 0-0: Ball
1-0: Foul Ball, location: 2F
1-1: Ball
Wild Pitch!
Pedro Padilla to second
2-1: Foul Ball, location: 2F
2-2: SINGLE (Flyball, 9LS)
Pedro Padilla to third
Runner from 3rd tries for Home, SAFE, no throw
Batting: LHB Mike MacNamara 0-0: Ball
1-0: Foul Ball, location: 2F
1-1: Fly out, F8 (Line Drive, 8LS)
Top of the 6th over - 1 run(s), 1 hit(s), 0 error(s), 1 left on base; Bishop Verot HS 4 - Temiskaming District Secondary School 7
BOTTOM OF THE 6TH
Temiskaming District Secondary School Saints batting - Pitching for Bishop Verot HS : RHP Nick Taylor
Batting: RHB Beau McNeill 0-0: Called Strike
0-1: Foul Ball, location: 2F
0-2: SOLO HOME RUN (Flyball, 89XD), Distance : 431 ft
Batting: RHB John Weber 0-0: Ground out 6-3 (Groundball, 6)
Batting: RHB Louis-Joseph Perrier 0-0: Ball
1-0: Called Strike
1-1: Called Strike
1-2: Foul Ball, location: 2F
1-2: Foul Ball, location: 2F
1-2: Foul Ball, location: 2F
1-2: Ball
2-2: Ball
3-2: Foul Ball, location: 2F
3-2: Ground out 1-3 (Groundball, 15S)
Batting: LHB Leonardo Torres 0-0: Ball
1-0: Ball
2-0: Called Strike
2-1: Ball
3-1: Foul Ball, location: 2F
3-2: Ground out U3 (Groundball, 3L)
Bottom of the 6th over - 1 run(s), 1 hit(s), 0 error(s), 0 left on base; Bishop Verot HS 4 - Temiskaming District Secondary School 8
TOP OF THE 7TH
Bishop Verot HS batting - Pitching for Temiskaming District Secondary School Saints : LHP François Séguin
Batting: RHB James Venables 0-0: Swinging Strike
0-1: Swinging Strike
0-2: SINGLE (Line Drive, 6M)
Batting: RHB Carson Allen 0-0: Foul Ball, location: 2F
0-1: Foul Ball, location: 2F
0-2: Foul Ball, location: 2F
0-2: Ball
1-2: 2-RUN HOME RUN (Flyball, 78XD), Distance : 429 ft
Pitching: RHP Juan Bustamante
Batting: RHB Brian Bailey 0-0: Called Strike
0-1: Fly out, F8 (Flyball, 8RM)
Batting: RHB Chris Seals 0-0: Ball
1-0: Called Strike
1-1: Ball
2-1: Ball
3-1: Base on Balls
Batting: RHB George Lutz 0-0: Called Strike
0-1: Ball
1-1: Ball
Wild Pitch!
Chris Seals to second
2-1: Foul Ball, location: 2F
2-2: Fly out, F9 (Flyball, 9)
Runner from 2nd tags up, SAFE at 3rd with throw
Batting: LHB Jim Hall 0-0: Foul Ball, location: 2F
0-1: Foul Ball, location: 2F
0-2: Foul Ball, location: 2F
0-2: Strikes out looking
Top of the 7th over - 2 run(s), 2 hit(s), 0 error(s), 1 left on base; Bishop Verot HS 6 - Temiskaming District Secondary School 8
BOTTOM OF THE 7TH
Temiskaming District Secondary School Saints batting - Pitching for Bishop Verot HS : RHP Nick Taylor
Batting: RHB Walt Miller 0-0: Ball
1-0: Ball
2-0: Foul Ball, location: 2F
2-1: Called Strike
2-2: Ball
3-2: SINGLE (Line Drive, 8LS)
Pitching: RHP Marcos Lozano
Batting: SHB Eric Silva 0-0: Ball
1-0: Foul Ball, location: 2F
1-1: Ball
2-1: Foul Ball, location: 2F
2-2: Strikes out swinging
Batting: LHB Carlos Músquez 0-0: Ball
1-0: Ball
2-0: Called Strike
2-1: Called Strike
2-2: Ball
3-2: Base on Balls
Walt Miller to second
Batting: RHB Tony Parker 0-0: Called Strike
0-1: Ball
1-1: Ball
2-1: Ball
3-1: Base on Balls
Walt Miller to third
Carlos Músquez to second
Batting: LHB Kevin McGee 0-0: Ball
1-0: Foul Ball, location: 2F
1-1: Called Strike
1-2: Ball
2-2: Strikes out swinging
Batting: RHB Beau McNeill 0-0: Ground out U3 (Groundball, 34)
Bottom of the 7th over - 0 run(s), 1 hit(s), 0 error(s), 3 left on base; Bishop Verot HS 6 - Temiskaming District Secondary School 8
TOP OF THE 8TH
Bishop Verot HS batting - Pitching for Temiskaming District Secondary School Saints : RHP Juan Bustamante
Batting: LHB Pedro Padilla 0-0: Called Strike
0-1: Ball
1-1: Ball
2-1: Foul Ball, location: 2F
2-2: Ball
3-2: Base on Balls
Batting: RHB Bob Fitzgerald 0-0: Ball
1-0: 2-RUN HOME RUN (Flyball, 78XD), Distance : 424 ft
Batting: LHB Mike MacNamara 0-0: Swinging Strike
0-1: Ball
1-1: Swinging Strike
1-2: Ball
2-2: Ball
3-2: Foul Ball, location: 2F
3-2: Reached on error, E5 (Groundball, 5S)
Batting: RHB James Venables 0-0: Foul Ball, location: 2F
0-1: Ball
1-1: Called Strike
1-2: Ball
2-2: Ball
3-2: Strikes out swinging
Batting: RHB Carson Allen 0-0: Called Strike
Mike MacNamara steals 3rd base
0-1: Called Strike
0-2: Foul Ball, location: 2F
0-2: Foul Ball, location: 2F
0-2: Ball
1-2: SINGLE (Line Drive, 5)
Mike MacNamara scores
Pitching: LHP Robinson Salas
Batting: RHB Brian Bailey 0-0: Ball
1-0: Foul Ball, location: 2F
1-1: Foul Ball, location: 2F
1-2: Strikes out swinging
Batting: RHB Chris Seals 0-0: Ball
1-0: SINGLE (Groundball, 6) (infield hit)
Carson Allen to second
Batting: RHB George Lutz 0-0: Ball
1-0: Foul Ball, location: 2F
1-1: Ball
2-1: Foul Ball, location: 2F
2-2: Single, Error in OF, E9, batter to second base
Carson Allen scores
Chris Seals to third
Batting: LHB Jim Hall 0-0: Ball
1-0: Called Strike
1-1: Foul Ball, location: 2F
1-2: SINGLE (Line Drive, 4)
Chris Seals scores
George Lutz to third
Runner from 3rd tries for Home, SAFE, no throw
Batting: LHB Pedro Padilla 0-0: Ball
1-0: Foul Ball, location: 2F
1-1: Called Strike
1-2: Ball
2-2: SINGLE (Line Drive, 9S)
Jim Hall to second
Batting: RHB Bob Fitzgerald 0-0: Swinging Strike
0-1: Ball
1-1: Ball
2-1: 3-RUN HOME RUN (Line Drive, 7D), Distance : 396 ft
Pitching: LHP Guillermo Silva
Batting: LHB Mike MacNamara 0-0: Fly out, F7 (Flyball, 7S)
Top of the 8th over - 9 run(s), 7 hit(s), 2 error(s), 0 left on base; Bishop Verot HS 15 - Temiskaming District Secondary School 8
BOTTOM OF THE 8TH
Temiskaming District Secondary School Saints batting - Pitching for Bishop Verot HS : RHP Marcos Lozano
Batting: RHB John Weber 0-0: Swinging Strike
0-1: Swinging Strike
0-2: Ball
1-2: Strikes out swinging
Batting: RHB Louis-Joseph Perrier 0-0: Called Strike
0-1: Called Strike
0-2: Strikes out swinging
Batting: LHB Leonardo Torres 0-0: Ball
1-0: Called Strike
1-1: Ball
2-1: Ball
3-1: Base on Balls
Batting: RHB Walt Miller 0-0: Ball
1-0: Ball
2-0: SINGLE (Groundball, 6D)
Leonardo Torres to second
Batting: SHB Eric Silva 0-0: Called Strike
0-1: Swinging Strike
0-2: Ball
1-2: Strikes out looking
Bottom of the 8th over - 0 run(s), 1 hit(s), 0 error(s), 2 left on base; Bishop Verot HS 15 - Temiskaming District Secondary School 8
TOP OF THE 9TH
Bishop Verot HS batting - Pitching for Temiskaming District Secondary School Saints : LHP Guillermo Silva
Batting: RHB James Venables 0-0: Called Strike
0-1: Ball
1-1: Ball
2-1: Foul Ball, location: 2F
2-2: Strikes out looking
Batting: RHB Carson Allen 0-0: Ball
1-0: Ball
2-0: Called Strike
2-1: Ball
3-1: Called Strike
3-2: Ground out 4-3 (Groundball, 4D)
Batting: RHB Brian Bailey 0-0: Ball
1-0: Called Strike
1-1: Ground out 1-3 (Groundball, 13S)
Top of the 9th over - 0 run(s), 0 hit(s), 0 error(s), 0 left on base; Bishop Verot HS 15 - Temiskaming District Secondary School 8
BOTTOM OF THE 9TH
Temiskaming District Secondary School Saints batting - Pitching for Bishop Verot HS : RHP Marcos Lozano
Batting: LHB Carlos Músquez 0-0: Ball
1-0: Ball
2-0: Fly out, F6 (Popup, 6D)
Batting: RHB Tony Parker 0-0: Called Strike
0-1: Ball
1-1: Ball
2-1: Ground out 4-3 (Groundball, 4)
Batting: LHB Kevin McGee 0-0: Ball
1-0: Called Strike
1-1: Ball
2-1: Fly out, F7 (Flyball, 7S)
Bottom of the 9th over - 0 run(s), 0 hit(s), 0 error(s), 0 left on base; Bishop Verot HS 15 - Temiskaming District Secondary School 8
Thursday, March 30th, 2017 - OOTP Baseball 17.12 Build 75